 Dungeon Crawl Stone Soup version 0.30.0-10-gfe55d96785 (webtiles) character file.

Game seed: 3548791673771577696

25573 Leibowitz the Severer (level 12, -12/110 HPs)
             Began as a Minotaur Gladiator on May 16, 2023.
             Was the Champion of Okawaru.
             Mangled by a skyshark (16 damage)
             ... on level 3 of the Lair of Beasts.
             The game lasted 00:37:01 (16242 turns).

Leibowitz the Severer (Minotaur Gladiator)         Turns: 16242, Time: 00:37:02

Health: -12/110    AC: 18    Str: 23    XL:     12   Next: 90%
Magic:  11/11      EV: 10    Int:  5    God:    Okawaru [******]
Gold:   1203       SH:  0    Dex: 13    Spells: 11/11 levels left

rFire   . . .        l - +1 executioner's axe (flame)
rCold   . . .        (shield currently unavailable)
rNeg    + . .        H - +0 plate armour
rPois   .            c - +1 hat
rElec   .            z - +0 cloak
rCorr   .            (no gloves)
SInv    .            (no boots)
Will    +....        k - amulet of faith Stlth
                     h - ring of willpower
HPRegen 0.38/turn    w - ring of positive energy
MPRegen 0.12/turn

%: faith
@: studying Polearms
A: horns 2, retaliatory headbutt
a: Renounce Religion, Heroism, Finesse, Duel


You were on level 3 of the Lair of Beasts.
You worshipped Okawaru.
Okawaru was exalted by your worship.
You visited 4 branches of the dungeon, and saw 17 of its levels.
You also visited: Sewer and Ossuary.

You collected 1299 gold pieces.
You spent 96 gold pieces at shops.

Inventory:

Hand Weapons
 a - a +0 spectral war axe
 l - a +1 executioner's axe of flaming (weapon)
Missiles
 d - 7 throwing nets
 m - a silver javelin
 r - 4 javelins
 I - 4 curare-tipped darts (quivered)
Armour
 c - a +1 hat (worn)
 z - a +0 cloak (worn)
 H - a +0 plate armour (worn)
Jewellery
 e - a ring of resist corrosion
 h - a ring of willpower (left hand)
 k - an amulet of faith (around neck)
 w - a ring of positive energy (right hand)
Wands
 j - a wand of roots (20)
 o - a wand of light (4)
 x - a wand of digging (8)
Scrolls
 f - 10 scrolls of identify
 s - 11 scrolls of teleportation
 v - 2 scrolls of enchant weapon
 y - 3 scrolls of fog
 C - 6 scrolls of enchant armour
Potions
 b - 3 potions of might
 g - a potion of brilliance
 i - 5 potions of magic
 n - 2 potions of cancellation {unknown}
 p - 3 potions of ambrosia
 q - 6 potions of lignification
 u - 3 potions of curing
 A - 5 potions of haste
 B - a potion of resistance
 F - a potion of flight
 K - a potion of invisibility


   Skills:
 * Level 11.5 Fighting
 * Level 17.8 Axes
 - Level 2.0 Throwing
 * Level 12.6 Armour
 * Level 9.2 Dodging


You had 11 spell levels left.
You didn't know any spells.
Your spell library contained the following spells:

 Spells                   Type           Power      Damage    Failure   Level
 Magic Dart               Conj           0%         1d3       99%         1
 Cigotuvi's Dreadful Rot  Necr/Pois/Air  0%         N/A       100%        2
 Ensorcelled Hibernation  Hex/Ice        0%         N/A       100%        2
 Hailstorm                Conj/Ice       0%         3d3       100%        3
 Ignite Poison            Fire/Tmut/Pois 0%         N/A       100%        3
 Mephitic Cloud           Conj/Pois/Air  0%         N/A       100%        3
 Ozocubu's Armour         Ice            0%         N/A       100%        3
 Spider Form              Tmut/Pois      0%         N/A       100%        3
 Vhi's Electric Charge    Tloc/Air       0%         N/A       100%        3
 Anguish                  Hex/Necr       0%         N/A       100%        4
 Ice Form                 Ice/Tmut       0%         N/A       100%        4
 Arcjolt                  Conj/Air       0%         1d10      100%        5
 Freezing Cloud           Conj/Ice/Air   0%         6-21      100%        5
 Metabolic Englaciation   Hex/Ice        0%         N/A       100%        5
 Ozocubu's Refrigeration  Ice            0%         4d7       100%        7
 Maxwell's Capacitive Co  Air            0%         ∞         100%        8
 Call Imp                 Summ           Unusable   N/A       N/A         2
 Simulacrum               Ice/Necr       Unusable   N/A       N/A         6

Dungeon Overview and Level Annotations

Branches:
Dungeon (11/15)            Temple (1/1) D:4            Lair (3/5) D:9
  Snake (0/4) Lair:2          Orc (2/2) D:11          Sewer (visited)
Ossuary (visited)
  Swamp: Lair:2-3    Shoals: Lair:2-3       Elf: Orc:2

Altars:
Ashenzari
Cheibriados
Dithmenos
Elyvilon
Gozag
Hepliaklqana
Kikubaaqudgha
Makhleb
Nemelex Xobeh
Okawaru
Qazlal
Ru
Sif Muna
Trog
Uskayaw
Vehumet
Wu Jian
Xom
Yredelemnul
Zin

Shops:
D:1 ![*?

Annotations:
D:4 1 runed translucent door, Revguard's ghost, novice DsWr
D:7 2 transporters, soepkip's ghost, novice TeAE


Innate Abilities, Weirdness & Mutations

You have a pair of horns on your head.
You reflexively headbutt those who attack you in melee.


Message History

The wolf attacks as you move away! The wolf bites you but does no damage.
The skyshark attacks as you move away! The skyshark misses you.
You furiously retaliate!
You headbutt the skyshark, but do no damage.
The skyshark tail-slaps you but does no damage.
The skyshark closely misses you. The wolf bites you but does no damage.
The wolf attacks as you move away! The wolf bites you but does no damage.
The skyshark bites you.
The skyshark tail-slaps you but does no damage. x2
The wolf bites you!
* * * LOW HITPOINT WARNING * * *
The skyshark attacks as you move away! The skyshark barely misses you.
The skyshark tail-slaps you.
* * * LOW HITPOINT WARNING * * *
The skyshark barely misses you. The wolf attacks as you move away!
The wolf bites you.
* * * LOW HITPOINT WARNING * * *
The skyshark bites you but does no damage.
The skyshark tail-slaps you.
* * * LOW HITPOINT WARNING * * *
The skyshark tail-slaps you!
* * * LOW HITPOINT WARNING * * *
You feel much better.
The wolf stops to sniff the ground.
The wolf closely misses you. You furiously retaliate!
You headbutt the wolf! The skyshark bites you!
* * * LOW HITPOINT WARNING * * *
The skyshark tail-slaps you.
* * * LOW HITPOINT WARNING * * *
The skyshark tail-slaps you but does no damage.
The wolf bites you but does no damage.
Okay, then.
Okay, then.
The wolf closely misses you.
The skyshark bites you but does no damage.
The skyshark barely misses you. The skyshark misses you.
The wolf bites you but does no damage.
Items here: ††††††.
The skyshark bites you!
You die...

.[.....##
##.#.###.
..?..Y..#
##.#####..
....♣♣..## #..#
#.. ♣......#
###.## ###
..##.h.## ##...# #
#.#hh## ##P..## #
#h.h### ##.....#
##†YYh####.....###
#...hhl@..##.....#
#...h##†####.#..##
##..###### ###P..#
###..#.###. ##...#
###..........#
.....
#............#
###..
#.....P#...#.# .P
#####P##.### # ###
##


You could see a skyshark (berserk), 2 yaks and 8 wolves.

Vanquished Creatures
  Harold (D:10)
  Fannar (Lair:3)
  A hydra (Lair:2)
  3 two-headed ogres
  Urug (Lair:1)
  Nergalle (Orc:1)
  An orc knight (Orc:1)
  2 deep elf pyromancers
  A manticore (D:11)
  A cyclops (D:11)
  2 black mambas (Lair:2)
  2 unseen horrors
  2 komodo dragons
  A kobold demonologist (D:7)
  4 cane toads
  2 polar bears
  9 blink frogs (Lair:1)
  A vampire (D:10)
  A wraith (D:6)
  21 yaks
  3 basilisks
  3 steam dragons
  4 vampire mosquitoes (D:11)
  A warg (Orc:1)
  2 acid dragons
  18 water moccasins
  Duvessa (D:4)
  6 orc warriors
  A sky beast (D:7)
  An ice beast (D:8)
  6 black bears
  14 wolves (Lair:3)
  An ogre (D:6)
  3 phantoms (D:11)
  4 centaurs
  5 kobold brigands
  2 elf zombies (Ossuary)
  10 bullfrogs
  7 scorpions
  Dowan (D:4)
  10 killer bees
  2 troll zombies (D:11)
  An electric eel (D:6)
  3 howler monkeys (D:9)
  2 human zombies (Ossuary)
  6 hounds
  3 jellies
  2 orc priests
  3 sleepcaps
  A gnoll bouda (D:8)
  3 iguanas
  8 orc wizards
  7 hell rats (Lair:1)
  6 ogre zombies (D:11)
  4 mummies (Ossuary)
  Robin (D:3)
  6 gnolls
  11 adders
  3 white imps
  3 ufetubi
  An adder zombie (Ossuary)
  2 worms
  2 dart slugs
  50 orcs
  5 endoplasms
  5 giant cockroaches
  A gnoll zombie (Ossuary)
  16 goblins
  11 hobgoblins
  11 jackals
  3 quokkas
  10 ball pythons
  9 bats
  5 frilled lizards
  A goblin skeleton (D:11)
  6 goblin zombies
  A hobgoblin skeleton (D:11)
  3 hobgoblin zombies
  28 kobolds
  2 kobold zombies (Ossuary)
  4 orc skeletons (D:11)
  14 orc zombies
  4 rats
430 creatures vanquished.

Notes
Turn   | Place    | Note
-------+----------+-------------------------------------------
     0 | D:1      | Leibowitz the Minotaur Gladiator began the quest for the
                  | Orb.
     0 | D:1      | Reached XP level 1. HP: 18/18 MP: 0/0
    26 | D:1      | Found Heorei's General Store.
    87 | D:1      | Found Usyntumi's Distillery.
   112 | D:1      | Found Luuc's Antique Armour Emporium.
   160 | D:1      | Found Leawam's Magic Scroll Shoppe.
   203 | D:1      | Reached skill level 4 in Axes
   204 | D:1      | Reached XP level 2. HP: 23/25 MP: 1/1
   683 | D:2      | Reached skill level 1 in Armour
   683 | D:2      | Reached XP level 3. HP: 21/30 MP: 2/2
   972 | D:2      | Reached skill level 5 in Axes
   990 | D:2      | Reached XP level 4. HP: 37/37 MP: 3/3
  1286 | D:3      | Noticed Robin
  1463 | D:3      | Killed Robin
  1718 | D:3      | Reached XP level 5. HP: 23/44 MP: 1/4
  1962 | D:1      | Bought a potion of heal wounds for 60 gold pieces
  1962 | D:1      | Bought a potion of curing for 36 gold pieces
  2006 | D:4      | Reached skill level 6 in Axes
  2203 | D:4      | Reached XP level 6. HP: 50/51 MP: 3/5
  2598 | D:4      | Found a runed translucent door.
  2598 | D:4      | Noticed Revguard's ghost (novice DsWr)
  2719 | D:4      | Reached skill level 7 in Axes
  2969 | D:4      | Noticed Duvessa
  2969 | D:4      | Noticed Dowan
  2974 | D:4      | Killed Duvessa
  2975 | D:4      | Reached XP level 7. HP: 53/59 MP: 6/6
  2987 | D:4      | Killed Dowan
  3229 | D:4      | Found a staircase to the Ecumenical Temple.
  3330 | Temple   | Entered the Ecumenical Temple
  3463 | Temple   | Became a worshipper of Warmaster Okawaru
  3547 | D:5      | Entered Level 5 of the Dungeon
  3570 | D:5      | Reached skill level 5 in Dodging
  3575 | D:5      | Reached skill level 8 in Axes
  3613 | D:5      | Found a sand-covered staircase.
  3688 | Ossuary  | Entered an ossuary
  3711 | Ossuary  | Reached * piety under Okawaru
  3712 | Ossuary  | Reached XP level 8. HP: 12/67 MP: 2/7
  3930 | Ossuary  | Reached skill level 5 in Fighting
  4216 | Ossuary  | Identified the +0 plate armour of Koifuofu {rF- Int+2
                  | Dex+3}
  4271 | D:5      | Reached skill level 9 in Axes
  4543 | D:5      | Reached skill level 5 in Armour
  4608 | D:5      | Reached ** piety under Okawaru
  4799 | D:5      | Reached skill level 10 in Axes
  5094 | D:6      | Found a glowing drain.
  5109 | Sewer    | Entered a sewer
  5205 | Sewer    | Reached XP level 9. HP: 75/75 MP: 8/8
  5634 | D:6      | Reached skill level 11 in Axes
  5638 | D:6      | Reached *** piety under Okawaru
  6027 | D:6      | Found a white marble altar of Elyvilon.
  6263 | D:6      | Found a shimmering blue altar of Sif Muna.
  6701 | D:7      | You fall into a shaft and drop 1 floor!
  6941 | D:7      | Found a transporter.
  6942 | D:7      | Noticed a gargoyle
  6943 | D:7      | Found a transporter.
  6955 | D:7      | Noticed soepkip's ghost (novice TeAE)
  6955 | D:7      | Noticed a brown ugly thing
  7059 | D:7      | Reached skill level 12 in Axes
  7221 | D:7      | Reached **** piety under Okawaru
  7236 | D:7      | Found an opulent altar of Gozag.
  7453 | D:7      | Killed an unseen horror
  7506 | D:7      | Noticed a komodo dragon
  7514 | D:7      | Killed a komodo dragon
  7515 | D:7      | Reached XP level 10. HP: 63/86 MP: 5/9
  7805 | D:7      | Noticed a deep elf pyromancer
  7816 | D:7      | Killed a deep elf pyromancer
  8144 | D:8      | Reached skill level 13 in Axes
  8775 | D:8      | Reached ***** piety under Okawaru
  8859 | D:9      | Found a basalt altar of Yredelemnul.
  8860 | D:9      | Found a hazy altar of Hepliaklqana.
  8861 | D:9      | Found a radiant altar of Vehumet.
  8862 | D:9      | Found a sacrificial altar of Ru.
  8943 | D:9      | Found a staircase to the Lair.
  9114 | D:9      | Noticed a two-headed ogre
  9123 | D:9      | Killed a two-headed ogre
  9242 | D:9      | Found a hide-covered altar of Uskayaw.
  9245 | D:9      | Found a bloodstained altar of Trog.
  9699 | D:10     | Entered Level 10 of the Dungeon
  9824 | Lair:1   | Entered Level 1 of the Lair of Beasts
  9827 | Lair:1   | Received a gift from Okawaru
  9833 | Lair:1   | Noticed a cane toad
  9834 | Lair:1   | Noticed Urug
  9846 | D:9      | Killed a cane toad
 10275 | D:10     | Found a shimmering altar of Xom.
 10299 | D:10     | Reached skill level 10 in Armour
 10304 | D:10     | Reached XP level 11. HP: 81/97 MP: 10/10
 10306 | D:10     | Reached skill level 14 in Axes
 10309 | D:10     | Identified the +1 long sword "Hyf Dof" {protect, rPois
                  | Will+ Int+2}
 10359 | D:10     | Noticed Harold
 10369 | D:10     | Killed Harold
 10660 | D:10     | Found an ornate altar of the Wu Jian Council.
 10807 | D:11     | Found a staircase to the Orcish Mines.
 10811 | D:11     | Received a gift from Okawaru
 10874 | D:11     | Found a hazy altar of Hepliaklqana.
 11447 | D:11     | Noticed a two-headed ogre
 11450 | D:11     | Reached ****** piety under Okawaru
 11450 | D:11     | Identified the +2 kite shield of Esif {Int+6} (Okawaru
                  | gifted it to you on level 11 of the Dungeon)
 11450 | D:11     | Received a gift from Okawaru
 11456 | D:11     | Killed a two-headed ogre
 11538 | D:11     | Noticed a deep elf pyromancer
 11547 | D:11     | Killed a deep elf pyromancer
 11548 | D:11     | Reached skill level 15 in Axes
 12125 | D:11     | Reached skill level 10 in Fighting
 12262 | Orc:1    | Entered Level 1 of the Orcish Mines
 12320 | Orc:1    | Noticed Nergalle
 12332 | Orc:1    | Killed Nergalle
 12531 | Orc:1    | Noticed an orc knight
 12550 | Orc:1    | Killed an orc knight
 13065 | Orc:2    | Entered Level 2 of the Orcish Mines
 13067 | Orc:2    | Noticed a two-headed ogre
 13074 | Orc:2    | Killed a two-headed ogre
 13074 | Orc:2    | Received a gift from Okawaru
 13075 | Orc:2    | Reached skill level 16 in Axes
 13240 | Orc:2    | Noticed an orc sorcerer
 13242 | Orc:2    | Paralysed by an orc sorcerer for 5 turns
 13554 | Lair:1   | Killed Urug
 13555 | Lair:1   | Reached XP level 12. HP: 77/107 MP: 11/11
 13810 | Lair:1   | Identified the +0 robe of Agonumus {Int+4} (Okawaru gifted
                  | it to you on level 1 of the Lair of Beasts)
 13810 | Lair:1   | Received a gift from Okawaru
 14875 | Lair:2   | Noticed a five-headed hydra
 14883 | Lair:2   | Killed a one-headed hydra
 14884 | Lair:2   | Reached skill level 17 in Axes
 15148 | Lair:2   | Found a staircase to the Snake Pit.
 16086 | Lair:3   | Noticed Fannar
 16092 | Lair:3   | Killed Fannar
 16204 | Lair:3   | Received a gift from Okawaru
 16240 | Lair:3   | HP: 3/110 [skyshark (6)]
 16242 | Lair:3   | Mangled by a skyshark

Illustrated notes

Levels and vault maps discovered:
D:1:      matt_arrival_grand_opening, layout_loops_cross, serial_shops, shop,
          nicolae_shop_rolling_square, shop, shop, serial_forest,
          infiniplex_forest_corner_1, infiniplex_forest_end_1,
          infiniplex_forest_end_2, infiniplex_forest_end_2,
          infiniplex_forest_clump_double
D:2:      layout_rooms
D:3:      kennysheep_goblin_castle, layout_rooms, fedhas_ov_isle_minmay,
          minmay_fountain_box
D:4:      layout_loops_cross, minmay_temple_entry_statues_fountains,
          hellmonk_ghost_happy_afterlife, minmay_strange_pillars,
          minmay_crossroads, uniq_duvessa
D:5:      cheibrodos_two_vegetables, layout_cave_pools,
          lightli_ossuary_entry_decrepit_ruins, nicolae_elevator_lobby_asterisk
D:6:      hangedman_cross_stitches, layout_cave_pools,
          nicolae_sif_muna_condensation, nicolae_elyvilon_peaceful_grove,
          cheibrodos_sewer_entry_drain
D:7:      layout_loops_corners, mainiacjoe_overflow_concentric_impassable,
          gammafunk_ghost_arena, kb_rosetta
D:8:      layout_basic, minmay_microvault
D:9:      layout_irregular_city, chequers_temple_overflow_statue_of_worship,
          nicolae_overflow_hidden_temple, lair_entry_dummy
D:10:     layout_big_octagon, mainiacjoe_overflow_surrounded_room,
          kennysheep_little_box, uniq_harold
D:11:     layout_gridville, zombieorc2_lemuel, nicolae_hepliaklqana_hazy_memory
Temple:   compressed_dpeg_triangle_lava_temple
Lair:1:   layout_cave_pods, grunt_megastairs_2, infiniplex_staircase_pool,
          uniq_urug
Lair:2:   layout_gridlike, minmay_snake_entry_six_corridors
Lair:3:   layout_cave_pods, swamp_mist_pool, gauntlet_entry_generic,
          grunt_forest_large_clearings, uniq_fannar
Orc:1:    layout_diamond_mine, uniq_maurice, uniq_nergalle
Orc:2:    grunt_orc_gardens, layout_caves, grunt_orc_garden, grunt_orc_garden,
          grunt_orc_garden, grunt_orc_garden

Skill      XL: |  1  2  3  4  5  6  7  8  9 10 11 12 |
---------------+-------------------------------------+-----
Axes           | 4 5 6 7 8 10 12 13 16 17 | 17.8
Armour         | 1 2 3 4 5 7 10 11 12 | 12.6
Dodging        | 4 5 6 7 8 9 |  9.2
Fighting       | 3 4 6 7 9 10 11 | 11.5
Throwing       | |  2.0

Action                     |  1- 3 |  4- 6 |  7- 9 | 10-12 || total
---------------------------+-------+-------+-------+-------++-------
  Melee: War axe           |    54 |   147 |   286 |    93 ||   580
         Headbutt          |     5 |    24 |    52 |    99 ||   180
         Punch             |       |     2 |     9 |     3 ||    14
         Executioner's axe |       |       |       |   375 ||   375
  Throw: Dart              |       |       |       |     1 ||     1
  Evoke: Wand              |       |       |       |     1 ||     1
    Use: Potion            |       |     4 |     3 |     6 ||    13
         Scroll            |       |       |    20 |     3 ||    23
   Stab: Distracted        |       |       |       |     2 ||     2
 Armour: Leather armour    |    18 |    35 |    27 |       ||    80
         Plate armour      |       |       |   136 |   376 ||   512
  Dodge: Dodged            |    46 |   117 |   154 |   273 ||   590
